 Dungeon Crawl Stone Soup version 0.25.1-2-g60ff931df9 (webtiles) character file.

Game seed: 2170302310713070323

24319 DildoBatman the Fighter (level 13, -4/113 HPs)
             Began as a Formicid Wizard on Aug 12, 2020.
             Was the Champion of Kikubaaqudgha.
             Hit by a large rock thrown by a stone giant (31 damage)
             ... on level 2 of the Orcish Mines.
             The game lasted 01:00:48 (14844 turns).

DildoBatman the Fighter (Formicid Wizard)          Turns: 14844, Time: 01:00:49

Health: -4/113     AC:  8    Str: 20    XL:     13   Next: 41%
Magic:  24/32      EV: 15    Int: 23    God:    Kikubaaqudgha [******]
Gold:   1512       SH:  4    Dex: 11    Spells: 1/26 levels left

rFire    + . .     SeeInvis +   a - +2 halberd (elec)
rCold    . . .     Gourm    .   A - +0 buckler
rNeg     . . .     Faith    .   o - +1 troll leather armour
rPois    .         Spirit   .   (helmet unavailable)
rElec    .         Reflect  .   W - +0 cloak
rCorr    .         Harm     .   (no gloves)
MR       +....                  (no boots)
Stlth    ++........             m - amulet of magic regeneration
HPRegen  0.68/turn              T - ring of magical power
MPRegen  0.48/turn              w - +6 ring of strength

@: lightly drained
A: permanent stasis, dig shafts and tunnels, four strong arms, antennae 3, agile
1, fire resistance 1, robust 1, strong 1
a: Dig, Shaft Self, Receive Corpses, Torment, Brand Weapon With Pain, Receive
Necronomicon, Renounce Religion


You were on level 2 of the Orcish Mines.
You worshipped Kikubaaqudgha.
Kikubaaqudgha was exalted by your worship.
You were not hungry.

You visited 3 branches of the dungeon, and saw 14 of its levels.
You also visited: Bailey.

You collected 1677 gold pieces.
You spent 165 gold pieces at shops.

Inventory:

Hand Weapons
 a - a +2 halberd of electrocution (weapon)
 b - a +0 hunting sling
Missiles
 h - 10 curare-tipped darts
 i - 48 bolts
 k - 43 sling bullets
 l - 255 stones
 y - 24 poisoned darts (quivered)
 S - 4 javelins
 V - 355 arrows
 Z - a throwing net
Armour
 o - a +1 troll leather armour (worn)
 A - a +0 buckler (worn)
 J - a scarf of invisibility
 W - a +0 cloak (worn)
Jewellery
 c - an uncursed ring of protection from magic
 g - an uncursed ring of positive energy
 m - an amulet of magic regeneration (around neck)
 n - an uncursed ring of flight
 w - a +6 ring of strength (right hand)
 T - a ring of magical power (left hand)
Wands
 s - a wand of iceblast (24)
 H - a wand of paralysis (5)
 M - a wand of clouds (5)
 O - a wand of acid (9)
Scrolls
 d - a scroll of silence {unknown}
 q - 4 scrolls of amnesia
 r - 3 scrolls of enchant weapon
 t - a scroll of random uselessness {unknown}
 z - 5 scrolls of identify
 B - 2 scrolls of blinking {unknown}
 C - a scroll of magic mapping
 E - 2 scrolls of immolation
 F - 7 scrolls of remove curse {unknown}
 K - 2 scrolls of fog
Potions
 e - a potion of experience {unknown}
 f - 3 potions of heal wounds
 j - 4 potions of brilliance
 p - 8 potions of curing
 u - 3 potions of magic
 x - 2 potions of ambrosia
 D - 5 potions of might
 L - a potion of flight {unknown}
 N - a potion of lignification
 Q - a potion of mutation
 R - 2 potions of stabbing
 U - a potion of resistance {unknown}
Miscellaneous
 I - a phantom mirror
Comestibles
 v - 21 rations
 G - 11 chunks of flesh


   Skills:
 - Level 10.0(9.6) Fighting
 - Level 10.0(9.6) Armour
 - Level 8.0(7.6) Dodging
 - Level 2.4(2.1) Stealth
 - Level 3.0(2.7) Shields
 - Level 7.3(6.9) Spellcasting
 - Level 6.0(5.6) Conjurations
   Level 1.0(0.7) Summonings
 - Level 9.0(8.6) Necromancy
   Level 0.8(0.5) Translocations
 - Level 5.0(4.6) Fire Magic
 - Level 5.0(4.6) Air Magic
 * Level 3.4(3.1) Earth Magic


You had one spell level left.
You knew the following spells:

 Your Spells              Type           Power        Failure   Level  Hunger
a - Conjure Flame         Conj/Fire      ####....     3%          3    None
b - Sublimation of Blood  Necr           #####.....   1%          2    None
c - Magic Dart            Conj           ####         1%          1    None
d - Vampiric Draining     Necr           #####.....   1%          3    None
e - Mephitic Cloud        Conj/Pois/Air  ###.....     6%          3    None
f - Bolt of Magma         Conj/Fire/Erth ####......   36%         5    #####..
g - Petrify               Tmut/Erth      ###.....     41%         4    ###....
h - Dispel Undead         Necr           #####...     2%          4    ###....

Your spell library contained the following spells:

 Spells                   Type           Power        Failure   Level  Hunger
 Pain                     Necr           ####         1%          1    None
 Shock                    Conj/Air       ####         1%          1    None
 Corpse Rot               Necr/Air       N/A          1%          2    None
 Animate Dead             Necr           N/A          2%          4    ###....
 Static Discharge         Conj/Air       ####....     3%          3    None
 Call Imp                 Summ           ##......     10%         2    None
 Airstrike                Air            ####......   12%         4    ###....
 Slow                     Hex            #.......     13%         2    None
 Gell's Gravitas          Tloc           ##........   21%         3    None
 Confusing Touch          Hex            #.......     26%         3    None
 Lightning Bolt           Conj/Air       ####......   28%         5    #####..
 Death Channel            Necr           #####.....   36%         6    ######.
 Excruciating Wounds      Chrm/Necr      ####......   38%         5    #####..
 Conjure Ball Lightning   Conj/Air       ####......   83%         6    ######.
 Simulacrum               Ice/Necr       ####......   92%         6    ######.
 Metabolic Englaciation   Hex/Ice        #.........   94%         5    #####..
 Yara's Violent Unravell  Hex/Tmut       #.........   94%         5    #####..
 Statue Form              Tmut/Erth      ###......    100%        6    ######.
 Swiftness                Chrm/Air       Unusable     N/A         2    N/A
 Blink                    Tloc           Unusable     N/A         2    N/A

Dungeon Overview and Level Annotations

Branches:
Dungeon (11/15)            Temple (1/1) D:4            Lair (0/6) D:11
    Orc (2/2) D:11            Elf (0/3) Orc:2        Bailey (visited)

Altars:
Ashenzari
Cheibriados
Dithmenos
Elyvilon
Fedhas
Gozag
Hepliaklqana
Kikubaaqudgha
Makhleb
Nemelex Xobeh
Okawaru
Qazlal
Ru
Sif Muna
Trog
Uskayaw
Vehumet
Wu Jian
Xom
Yredelemnul
Zin
The Shining One

Shops:
D:6 ?   D:7 }   D:10 ([[%

Annotations:
D:10 2 transporters, Richi's ghost, novice MiFi


Innate Abilities, Weirdness & Mutations

You cannot be hasted, slowed, berserked, paralysed or teleported.
You can dig through walls and to a lower floor.
Your four strong arms can wield two-handed weapons with a shield.
You have a pair of large antennae on your head. (SInv)
You are agile. (Dex +2)
Your flesh is heat resistant. (rF+)
You are robust. (+10% HP)
Your muscles are strong. (Str +2)


Message History

The orc high priest hits you from afar with a +0 glaive.
The orc high priest is engulfed in noxious fumes.
The orc high priest mumbles some strange prayers to Beogh against you.
You resist with some effort.
You extend your mandibles.
You dig through the rock wall.
You retract your mandibles.
The stone giant shouts!
Things that are here:
a +0 dagger a +0 robe an orc corpse The stone giant throws a large rock.
The large rock hits you!!!
You see here a large rock.
There is a stone staircase leading up, spattered with blood here.
The stone giant throws a large rock.
The large rock hits you!!
You die...
Kikubaaqudgha rasps: "You have failed me!
Welcome... death!"

..........## #).#
.........## #.##
....).#.## #.#
.....###### ##.##
.......#..###...#
.......)..)C##.##
..........)[)[.o##
.........##)##))(#
......#..####...@##
...........#.#....#
.............[....#
............[....##
.........##....###
,,,,....,.......#
,,,,............#
,,,,##.##...##.##
,,,**.,,....####


You could see a stone giant and an orc high priest.

Vanquished Creatures
  An orc warlord (Orc:1)
  Harold (D:9)
  A two-headed ogre (D:11)
  A death knight (D:11)
  A centaur warrior (D:9)
  Sonja (D:10)
  2 skeletal warriors (D:11)
  3 unseen horrors
  An orc knight (Orc:2)
  A cyclops (D:11)
  5 orc sorcerers (Orc:2)
  A manticore (D:10)
  An ugly thing (D:11)
  Maurice (D:11)
  A kobold demonologist (D:11)
  A freezing wraith (D:11)
  3 trolls
  2 hippogriffs
  A hornet (D:11)
  2 shadows (D:11)
  10 yaks
  A basilisk (D:10)
  A hungry ghost (D:10)
  4 hogs (D:7)
  A human (D:7)
  4 vampire mosquitoes (D:11)
  An acid dragon (D:11)
  7 ice beasts
  29 orc warriors
  2 black bears
  A necrophage (D:6)
  4 ogres
  3 phantoms
  5 wolves (D:11)
  9 centaurs
  3 big kobolds (D:11)
  5 bullfrogs
  3 scorpions
  4 wights (D:11)
  5 electric eels
  2 vampire bats (D:8)
  2 centaur zombies
  5 howler monkeys
  3 crimson imps
  A quasit (D:7)
  4 hounds
  4 jellies
  2 bullfrog skeletons
  33 orc priests
  26 orc wizards
  2 iguanas
  A centaur skeleton (D:6)
  6 worker ants
  A worker ant zombie (D:10)
  20 gnolls
  9 adders
  A howler monkey skeleton (D:5)
  A shadow imp (D:9)
  2 oozes (D:3)
  An adder zombie (D:6)
  2 adder skeletons
  3 worms
  7 dart slugs
  9 leopard geckos
  68 orcs
  2 bat skeletons (D:8)
  4 bat zombies (D:8)
  7 giant cockroaches
  12 goblins
  16 hobgoblins
  18 jackals
  7 quokkas
  9 bats
  7 frilled lizards
  A giant cockroach zombie (D:4)
  17 kobolds
  A leopard gecko skeleton (D:4)
  A quokka skeleton (D:6)
  6 rats
456 creatures vanquished.

Vanquished Creatures (others)
  An electric eel (D:11)
1 creature vanquished.

Grand Total: 457 creatures vanquished

Notes
Turn   | Place    | Note
-------+----------+-------------------------------------------
     0 | D:1      | DildoBatman the Formicid Wizard began the quest for the
                  | Orb.
     0 | D:1      | Reached XP level 1. HP: 13/13 MP: 4/4
   103 | D:1      | Reached skill level 1 in Conjurations
   322 | D:1      | Reached XP level 2. HP: 18/19 MP: 1/6
  1417 | D:2      | Reached XP level 3. HP: 24/24 MP: 1/7
  1422 | D:2      | Learned a level 3 spell: Conjure Flame
  1426 | D:2      | Learned a level 3 spell: Mephitic Cloud
  1850 | D:2      | Reached XP level 4. HP: 30/30 MP: 3/8
  2709 | D:3      | Reached XP level 5. HP: 25/35 MP: 3/9
  3031 | D:3      | Found a blossoming altar of Fedhas.
  3274 | D:3      | Reached skill level 5 in Conjurations
  3274 | D:3      | Reached XP level 6. HP: 32/41 MP: 3/10
  4101 | D:4      | Found a staircase to the Ecumenical Temple.
  4106 | Temple   | Entered the Ecumenical Temple
  4491 | D:4      | Reached skill level 1 in Fire Magic
  4775 | D:4      | Reached skill level 1 in Shields
  4885 | D:4      | Reached skill level 1 in Air Magic
  4885 | D:4      | Reached XP level 7. HP: 19/46 MP: 8/11
  5392 | D:5      | Entered Level 5 of the Dungeon
  6527 | D:3      | Reached XP level 8. HP: 45/52 MP: 12/12
  6959 | D:8      | Found an ancient bone altar of Kikubaaqudgha.
  6964 | D:8      | Became a worshipper of Kikubaaqudgha
  7108 | D:8      | Found a flagged portal.
  7242 | D:8      | Gained mutation: You do not regenerate when monsters are
                  | visible. [potion of mutation]
  7242 | D:8      | Gained mutation: Your spells are a little easier to cast,
                  | but a little less powerful. [potion of mutation]
  7242 | D:8      | Gained mutation: You are clumsy. (Dex -2) [potion of
                  | mutation]
  7242 | D:8      | Gained mutation: Your system is resistant to poisons.
                  | (rPois) [potion of mutation]
  7243 | D:8      | Lost mutation: You are clumsy. (Dex -2) [potion of
                  | mutation]
  7243 | D:8      | Lost mutation: Your spells are a little easier to cast, but
                  | a little less powerful. [potion of mutation]
  7243 | D:8      | Gained mutation: You possess an exceptional clarity of
                  | mind. [potion of mutation]
  7243 | D:8      | Gained mutation: Your flesh is heat resistant. (rF+)
                  | [potion of mutation]
  7243 | D:8      | Gained mutation: Your movements are slightly less
                  | encumbered by armour. (ER -2) [potion of mutation]
  7243 | D:8      | Gained mutation: Your mind is acute. (Int +2) [potion of
                  | mutation]
  7249 | Bailey   | Entered a bailey
  7250 | Bailey   | Lost mutation: You possess an exceptional clarity of mind.
                  | [potion of mutation]
  7250 | Bailey   | Lost mutation: Your system is resistant to poisons. (rPois)
                  | [potion of mutation]
  7250 | Bailey   | Lost mutation: Your movements are slightly less encumbered
                  | by armour. (ER -2) [potion of mutation]
  7250 | Bailey   | Lost mutation: You do not regenerate when monsters are
                  | visible. [potion of mutation]
  7250 | Bailey   | Gained mutation: You do not regenerate when monsters are
                  | visible. [potion of mutation]
  7250 | Bailey   | Gained mutation: Your spells are a little easier to cast,
                  | but a little less powerful. [potion of mutation]
  7250 | Bailey   | Gained mutation: Scrolls take you a little longer to read.
                  | [potion of mutation]
  7250 | Bailey   | Gained mutation: Your muscles are strong. (Str +2) [potion
                  | of mutation]
  7334 | Bailey   | Reached * piety under Kikubaaqudgha
  7334 | Bailey   | Identified Kikubaaqudgha's Tome of Evil (Kikubaaqudgha
                  | gifted it to you in a bailey)
  7334 | Bailey   | Received a gift from Kikubaaqudgha
  7459 | Bailey   | Learned a level 3 spell: Vampiric Draining
  7594 | Bailey   | Reached skill level 5 in Fire Magic
  7914 | D:5      | Reached XP level 9. HP: 57/57 MP: 13/13
  8047 | D:6      | Found Juxkuyqi's Magic Scroll Boutique.
  8050 | D:6      | Bought a scroll of noise for 10 gold pieces
  8050 | D:6      | Bought a scroll of fog for 20 gold pieces
  8050 | D:6      | Bought a scroll of enchant armour for 75 gold pieces
  8050 | D:6      | Bought a scroll of identify for 20 gold pieces
  8050 | D:6      | Bought a scroll of identify for 20 gold pieces
  8050 | D:6      | Bought a scroll of identify for 20 gold pieces
  8083 | D:6      | Reached skill level 5 in Air Magic
  8166 | D:6      | Reached skill level 1 in Fighting
  8166 | D:6      | Reached skill level 1 in Armour
  8711 | D:7      | Reached ** piety under Kikubaaqudgha
  8790 | D:7      | Found Jipreuk's Gadget Shoppe.
  9505 | D:7      | Reached XP level 10. HP: 20/73 MP: 9/14
  9588 | D:7      | Lost mutation: Your mind is acute. (Int +2) [potion of
                  | mutation]
  9588 | D:7      | Lost mutation: Scrolls take you a little longer to read.
                  | [potion of mutation]
  9588 | D:7      | Lost mutation: Your spells are a little easier to cast, but
                  | a little less powerful. [potion of mutation]
  9588 | D:7      | Gained mutation: You are agile. (Dex +2) [potion of
                  | mutation]
  9588 | D:7      | Gained mutation: You are robust. (+10% HP) [potion of
                  | mutation]
  9588 | D:7      | Lost mutation: You do not regenerate when monsters are
                  | visible. [potion of mutation]
 10146 | D:8      | Reached skill level 5 in Fighting
 10210 | D:9      | Reached skill level 5 in Armour
 10363 | D:9      | Reached skill level 5 in Dodging
 10516 | D:9      | Noticed a centaur warrior
 10528 | D:9      | Killed a centaur warrior
 10528 | D:9      | Reached skill level 1 in Necromancy
 10535 | D:9      | Reached *** piety under Kikubaaqudgha
 10535 | D:9      | Identified Kikubaaqudgha's Guide on Evil (Kikubaaqudgha
                  | gifted it to you on level 9 of the Dungeon)
 10535 | D:9      | Received a gift from Kikubaaqudgha
 11010 | D:9      | Noticed Harold
 11034 | D:9      | Killed Harold
 11034 | D:9      | Reached skill level 5 in Spellcasting
 11034 | D:9      | Reached XP level 11. HP: 91/91 MP: 11/18
 11055 | D:9      | Noticed an unseen horror
 11077 | D:9      | Killed an unseen horror
 11127 | D:9      | Identified Sif Muna's Volume of Destructive Transmutation
 11180 | D:10     | Entered Level 10 of the Dungeon
 11300 | D:10     | Found Jouxt's Food Shoppe.
 11394 | D:10     | Learned a level 4 spell: Dispel Undead
 11400 | D:10     | Learned a level 5 spell: Bolt of Magma
 11459 | D:10     | Noticed a manticore
 11473 | D:10     | Killed a manticore
 11599 | D:10     | Found a transporter.
 11600 | D:10     | Noticed Richi's ghost (novice MiFi)
 11601 | D:10     | Noticed a two-headed ogre
 11605 | D:10     | Found a transporter.
 11652 | D:10     | Found Haediparr's Antique Armour Emporium.
 11662 | D:10     | Found Peydd's Antique Armour Shop.
 11667 | D:10     | Found Polizen's Antique Weapon Boutique.
 11851 | D:10     | Noticed Sonja
 11863 | D:10     | Killed Sonja
 12208 | D:11     | Noticed an unseen horror
 12219 | D:11     | Killed an unseen horror
 12285 | D:11     | Noticed an unseen horror
 12298 | D:11     | Killed an unseen horror
 12361 | D:11     | Reached XP level 12. HP: 68/101 MP: 21/21
 12388 | D:11     | Reached **** piety under Kikubaaqudgha
 12613 | D:11     | Reached skill level 5 in Necromancy
 12740 | D:11     | Found a staircase to the Lair.
 12750 | D:11     | Found a staircase to the Orcish Mines.
 12797 | D:11     | Noticed a two-headed ogre
 12810 | D:11     | Noticed a death knight
 12845 | D:11     | Killed a two-headed ogre
 12858 | D:11     | Noticed a skeletal warrior
 12860 | D:11     | Killed a death knight
 12868 | D:11     | Noticed a skeletal warrior
 12880 | D:11     | Killed a skeletal warrior
 12883 | D:11     | Killed a skeletal warrior
 13084 | D:11     | Noticed Maurice
 13116 | D:11     | Killed Maurice
 13127 | D:11     | Reached ***** piety under Kikubaaqudgha
 13415 | Orc:1    | Entered Level 1 of the Orcish Mines
 14149 | Orc:2    | Entered Level 2 of the Orcish Mines
 14149 | Orc:2    | Found a staircase to the Elven Halls.
 14222 | Orc:2    | Noticed an orc warlord
 14288 | Orc:2    | Reached XP level 13. HP: 87/111 MP: 23/23
 14349 | Orc:1    | Killed an orc warlord
 14392 | Orc:2    | Noticed a stone giant
 14533 | Orc:2    | Reached skill level 10 in Fighting
 14585 | Orc:2    | Reached skill level 10 in Armour
 14612 | Orc:2    | Learned a level 2 spell: Sublimation of Blood
 14617 | Orc:2    | Learned a level 4 spell: Petrify
 14795 | Orc:2    | Reached skill level 1 in Earth Magic
 14834 | Orc:2    | Reached ****** piety under Kikubaaqudgha
 14844 | Orc:2    | Hit by a large rock thrown by a stone giant

Illustrated notes

Levels and vault maps discovered:
D:1:      minmay_arrival_five_plusses, layout_basic, serial_forest,
          infiniplex_forest_end_2, infiniplex_forest_clump_curved,
          infiniplex_forest_clump_diagonal, infiniplex_forest_lined_room_2,
          infiniplex_forest_clump_tiny
D:2:      layout_basic, first_ration
D:3:      layout_loops_corners, fedhas_altar_1
D:4:      layout_loops_ring, minmay_temple_entry_statues_pillars
D:5:      layout_basic
D:6:      lemuel_ice_spiral_2, layout_basic, serial_shops,
          nicolae_shop_behind_doors
D:7:      layout_cave_pods, serial_shops, nicolae_shop_stone, grunt_livestock,
          chequers_serial_rivers_micro_e
D:8:      layout_loops_ring, kennysheep_vampire_church, enter_bailey_3
D:9:      minmay_the_grid_triangle_9x9_rhombus_thin_mashed
          [minmay_the_grid_triangle_9x9_descending_squares,
          minmay_the_grid_triangle_9x9_prize_top_heavy,
          minmay_the_grid_triangle_9x9_pentomino_pain,
          minmay_the_grid_triangle_9x9_corrupted_corridor], layout_loops_ring,
          due_unseen_surprise, uniq_harold
D:10:     layout_loops_cross, gammafunk_ghost_smash, serial_shops,
          nicolae_shop_statue_plus, shop, nicolae_shop_overgrown_old_shop,
          nicolae_shop_behind_doors, disabler_island, uniq_sonja
D:11:     layout_roguey, erik_lair_island, kennysheep_decorative_pillar,
          st_stairs_11, uniq_maurice
Temple:   compressed_dpeg_circular_temple
Orc:1:    layout_caves
Orc:2:    st_orc_mages, layout_caves

Skill      XL: |  1  2  3  4  5  6  7  8  9 10 11 12 13 |
---------------+----------------------------------------+-----
Conjurations   | 1 2 3 4 5 6 |  6.0
Fire Magic     | 1 2 5 |  5.0
Shields        | 1 3 |  3.0
Air Magic      | 1 2 4 5 |  5.0
Fighting       | 4 6 8 9 10 | 10.0
Armour         | 4 6 8 9 10 | 10.0
Dodging        | 4 5 6 8 |  8.0
Spellcasting   | 5 6 7 |  7.3
Necromancy     | 2 4 6 9 |  9.0
Earth Magic    | 3 |  3.4
Stealth        | |  2.4
Summonings     | |  1.0
Translocations | |  0.8

Action                   |  1- 3 |  4- 6 |  7- 9 | 10-12 | 13-15 || total
-------------------------+-------+-------+-------+-------+-------++-------
Melee: Unarmed           |    18 |       |       |       |       ||    18
       Short sword       |       |    51 |       |       |       ||    51
       Falchion          |       |    83 |    71 |       |       ||   154
       Trident           |       |     2 |       |       |       ||     2
       Halberd           |       |       |   104 |   417 |   125 ||   646
 Fire: Hunting sling     |       |       |    22 |       |       ||    22
Throw: Dart              |       |     7 |    19 |       |       ||    26
 Cast: Magic Dart        |    74 |   144 |   147 |   111 |    11 ||   487
       Mephitic Cloud    |       |     6 |    35 |    83 |    21 ||   145
       Conjure Flame     |       |     1 |    18 |    42 |     2 ||    63
       Vampiric Draining |       |       |       |    42 |    35 ||    77
       Dispel Undead     |       |       |       |    15 |       ||    15
 Abil: Dig               |       |     4 |     9 |    14 |     4 ||    31
       Evoke Flight      |       |       |       |     1 |       ||     1
  Use: Scroll            |       |     3 |    11 |     8 |       ||    22
       Potion            |       |       |     4 |     2 |       ||     6
 Stab: Confused          |       |     4 |     3 |    26 |    12 ||    45
       Sleeping          |       |     1 |     1 |     1 |       ||     3
       Distracted        |       |       |       |     1 |       ||     1
  Eat: Chunk             |     3 |     9 |    21 |    23 |     2 ||    58
       Ration            |       |       |       |     1 |       ||     1
Armor: Robe              |    13 |    14 |       |       |       ||    27
       Leather armour    |       |    25 |    88 |    28 |       ||   141
       Troll leather arm |       |       |       |    21 |    18 ||    39
Dodge: Dodged            |    37 |   117 |   153 |   191 |    56 ||   554
Block: Buckler           |       |     2 |    51 |    57 |    15 ||   125
       Rpst.: Falchion   |       |    17 |    32 |       |       ||    49
